 Dungeon Crawl Stone Soup version 0.27.1-3-gb3d3a73c9e (webtiles) character file.

Game seed: 9507171194024637853

1732 Crownlay the Cleaver (level 9, 0/71 HPs)
             Began as a Hill Orc Fighter on Oct 20, 2021.
             Succumbed to Dowan's poison
             ... on level 7 of the Dungeon.
             The game lasted 00:08:29 (7000 turns).

Crownlay the Cleaver (Hill Orc Fighter)             Turns: 7000, Time: 00:08:29

Health: 0/71       AC: 12    Str: 22    XL:     9   Next: 5%
Magic:  9/9        EV:  9    Int:  8    God:
Gold:   346        SH:  0    Dex: 10    Spells: 8/8 levels left

rFire    . . .     SeeInvis +   a - +0 war axe
rCold    . . .     Faith    .   (no shield)
rNeg     . . .     Spirit   .   b - +0 scale mail
rPois    .         Reflect  .   v - +2 hat
rElec    .         Harm     .   (no cloak)
rCorr    .         Rampage  .   (no gloves)
Will     .....                  (no boots)
Stlth    ..........             (no amulet)
HPRegen  0.21/turn              h - ring of see invisible
MPRegen  0.11/turn              y - +4 ring of protection

@: lethally poisoned (0 -> -12), studying Polearms
A: no striking features
a: no special abilities


You were on level 7 of the Dungeon.
You visited 2 branches of the dungeon, and saw 8 of its levels.
You also visited: Sewer.

You collected 346 gold pieces.

Inventory:

Hand Weapons
 a - a +0 war axe (weapon)
Armour
 b - a +0 scale mail (worn)
 c - a +0 kite shield
 v - a +2 hat (worn)
Jewellery
 h - a ring of see invisible (left hand)
 m - a +4 ring of evasion
 o - a ring of poison resistance
 p - a ring of protection from cold
 y - a +4 ring of protection (right hand)
Wands
 A - a wand of paralysis (8)
Scrolls
 d - a scroll of enchant armour {unknown}
 f - a scroll of brand weapon {unknown}
 g - 4 scrolls of teleportation
 k - a scroll of noise
 r - a scroll of identify
 s - 2 scrolls of magic mapping
 u - 2 scrolls of amnesia {unknown}
 w - 2 scrolls of fog {unknown}
 x - a scroll of holy word {unknown}
Potions
 e - a potion of mutation {unknown}
 i - 7 potions of curing
 j - 4 potions of degeneration
 l - a potion of attraction {unknown}
 n - 2 potions of flight
 q - 4 potions of heal wounds
 t - 3 potions of haste
 z - a potion of lignification {unknown}


   Skills:
 + Level 3.9 Fighting
 - Level 14.0 Axes
 - Level 3.2 Armour
 - Level 3.2 Shields
 * Level 1.3 Evocations


You had 8 spell levels left.
You didn't know any spells.
Your spell library contained the following spells:

 Spells                   Type           Power      Damage    Failure   Level
 Passwall                 Tmut/Erth      0%         N/A       86%         2
 Swiftness                Air            0%         N/A       98%         3
 Invisibility             Hex            0%         N/A       100%        6


Dungeon Overview and Level Annotations

Branches:
Dungeon (7/15)             Temple (1/1) D:4           Sewer (visited)

Altars:
Cheibriados
Elyvilon
Gozag
Kikubaaqudgha
Makhleb
Nemelex Xobeh
Qazlal
Ru
Sif Muna
Trog
Vehumet
The Shining One


Message History

Increase (S)trength, (I)ntelligence, or (D)exterity?
You feel stronger.
You closely miss Dowan. Dowan hits you but does no damage.
You are poisoned.
You closely miss Dowan.
You feel sick.
Dowan hits you with a +1 dagger of venom.
You are more poisoned.
Dowan closely misses you.
You hit Dowan.
Dowan is moderately wounded.
You are no longer glowing.
You feel very sick. Dowan casts a spell at you. The stone arrow hits you!
You slash Dowan!
Dowan is severely wounded.
You feel sick. Dowan completely misses you.
You barely miss Dowan.
Dowan is severely wounded.
You feel sick.
Dowan gestures wildly while chanting.
Dowan blinks!
You feel very sick.
Things that are here:
a +0 short sword; a +0 chain mail; 16 gold pieces You feel sick.
Dowan casts a spell at you. The shard of ice hits you!!
* * * LOW HITPOINT WARNING * * *
You completely miss Dowan.
Dowan is severely wounded.
* * * LOW HITPOINT WARNING * * *
You feel sick. Dowan hits you but does no damage.
You are lethally poisoned!
You slash Dowan!
You kill Dowan!
* * * LOW HITPOINT WARNING * * *
You feel sick.
Your Evocations skill increases to level 1!
You die...

####### ## # #..#..#
.#.#
#####..#..########.#.#
..............).@....#
#####..#..#######..#.#
#..#..# #..# #..#..#
#..# #####..#..####
#..# .............
...! #.###.........
..... #.# #.....#...
....#.# #.# #..#.##..#
##.##.#


There were no monsters in sight!

Vanquished Creatures
  Sigmund (D:5)
  Duvessa (D:7)
  A sky beast (D:5)
  An ice beast (D:6)
  An orc warrior (D:7)
  A black bear (D:5)
  A centaur (D:6)
  2 bullfrogs (Sewer)
  A scorpion (D:4)
  Dowan (D:7)
  A hound (D:5)
  3 jellies
  A centaur skeleton (D:5)
  3 iguanas
  Natasha (thrice) (D:2)
  4 orc wizards
  4 gnolls (D:6)
  2 howler monkey skeletons
  16 adders
  A shadow imp (D:5)
  A white imp (D:5)
  An ufetubus (D:6)
  2 worms (D:3)
  2 dart slugs
  13 orcs
  13 endoplasms
  17 giant cockroaches
  6 goblins
  2 hobgoblins (D:2)
  9 jackals
  2 kobolds
  14 quokkas
  14 ball pythons
  7 bats
  6 frilled lizards
  5 rats
163 creatures vanquished.

Notes
Turn   | Place    | Note
-------+----------+-------------------------------------------
     0 | D:1      | Crownlay the Hill Orc Fighter began the quest for the Orb.
     0 | D:1      | Reached XP level 1. HP: 19/19 MP: 1/1
   113 | D:1      | Reached skill level 3 in Axes
   269 | D:1      | Reached XP level 2. HP: 26/26 MP: 2/2
   277 | D:1      | Noticed a golden eye
   290 | D:1      | Noticed a floating eye
   292 | D:1      | Found a faded altar of an unknown god.
   297 | D:1      | Noticed an eye of devastation
   297 | D:1      | Noticed a golden eye
   305 | D:1      | You fall into a shaft and drop 1 floor!
   702 | D:1      | Reached skill level 4 in Axes
   951 | D:2      | Reached XP level 3. HP: 30/31 MP: 3/3
  1065 | D:2      | Reached skill level 5 in Axes
  1125 | D:2      | Noticed Natasha
  1130 | D:2      | Killed Natasha
  1131 | D:2      | Reached XP level 4. HP: 19/39 MP: 4/4
  1388 | D:2      | Noticed Natasha
  1394 | D:2      | Killed Natasha
  1395 | D:2      | Reached skill level 6 in Axes
  1435 | D:2      | Noticed Natasha
  1443 | D:2      | Killed Natasha
  1523 | D:2      | Reached XP level 5. HP: 42/45 MP: 5/5
  1673 | D:3      | Identified a scroll of acquirement
  1729 | D:3      | Found a glowing drain.
  1732 | D:3      | Reached skill level 7 in Axes
  1753 | Sewer    | Entered a sewer
  2411 | Sewer    | Reached skill level 8 in Axes
  2489 | Sewer    | Reached XP level 6. HP: 50/51 MP: 6/6
  2692 | Sewer    | Reached skill level 9 in Axes
  3661 | D:3      | Reached XP level 7. HP: 50/57 MP: 7/7
  3860 | D:3      | Acquired a manual of Polearms
  3924 | D:4      | Reached skill level 10 in Axes
  4085 | D:4      | Found a staircase to the Ecumenical Temple.
  4096 | Temple   | Entered the Ecumenical Temple
  4774 | D:5      | Entered Level 5 of the Dungeon
  5223 | D:5      | Noticed Sigmund
  5234 | D:5      | Killed Sigmund
  5235 | D:5      | Reached skill level 11 in Axes
  5369 | D:5      | Reached XP level 8. HP: 57/64 MP: 8/8
  5553 | D:5      | Reached skill level 12 in Axes
  6204 | D:6      | Reached skill level 13 in Axes
  6967 | D:7      | Noticed Dowan
  6968 | D:7      | Noticed Duvessa
  6990 | D:7      | Killed Duvessa
  6991 | D:7      | Reached skill level 14 in Axes
  6991 | D:7      | Reached XP level 9. HP: 47/71 MP: 9/9
  6999 | D:7      | Killed Dowan
  6999 | D:7      | HP: 3/71 [poisoned by Dowan]
  7000 | D:7      | Reached skill level 1 in Evocations
  7000 | D:7      | Succumbed to Dowan's poison

Illustrated notes

Levels and vault maps discovered:
D:1:      heliophobic_arrival_enchanted_forest, layout_basic,
          hellmonk_ecumenical_altar_watching_god
D:2:      layout_loops_cross, minmay_cupped, uniq_natasha
D:3:      layout_basic, portal_sewer_entry_c, minmay_quadrilaterals
D:4:      layout_gridville, minmay_temple_entry_glassed_door
D:5:      layout_gridville, kennysheep_generic_room_13, uniq_sigmund
D:6:      layout_cave_pools
D:7:      layout_basic, uniq_duvessa
Temple:   hc_temple_tempest_star

Skill      XL: |  1  2  3  4  5  6  7  8  9 |
---------------+----------------------------+-----
Axes           | 3 4 5 6 8 9 11 14 | 14.0
Evocations     | 1 |  1.3
Fighting       | |  3.9
Armour         | |  3.2
Shields        | |  3.2

Action                   |  1- 3 |  4- 6 |  7- 9 || total
-------------------------+-------+-------+-------++-------
Melee: War axe           |    73 |   213 |   228 ||   514
  Use: Scroll            |       |     3 |     7 ||    10
       Potion            |       |     1 |       ||     1
Armor: Scale mail        |    43 |    69 |    97 ||   209
Dodge: Dodged            |    55 |   168 |   139 ||   362
